 Dungeon Crawl Stone Soup version 0.17.2 (webtiles) character file.

966 Goblin1989 the Cleaver (level 7, 0/54 HPs)
             Began as a Demonspawn Wanderer on July 1, 2016.
             Was a Believer of Dithmenos.
             Slain by a centaur zombie (3 damage)
             ... on level 6 of the Dungeon.
             The game lasted 00:13:34 (7098 turns).

Goblin1989 the Cleaver (Demonspawn Wanderer)        Turns: 7098, Time: 00:13:35

Health: 0/54       AC:  6    Str: 20      XL:     7   Next: 93%
Magic:  0/7        EV: 10    Int: 14      God:    Dithmenos [**....]
Gold:   215        SH:  0    Dex: 10 (12) Spells: 0 memorised, 6 levels left

rFire  . . .     SeeInvis .     a - +0 battleaxe
rCold  . . .     Clarity  .     h - +0 ring mail (curse)
rNeg   . . .     SustAt   .     (shield currently unavailable)
rPois  .         Gourm    .     (no helmet)
rElec  .         Spirit   +     (no cloak)
rCorr  .         Warding  .     (no gloves)
rMut   .         Stasis   .     c - +0 pair of boots (curse)
MR     .....                    (no amulet)
Stlth  ++........               (no ring)
                                n - +6 ring of strength

@: wreathed by umbra, not resistant to hostile enchantments, unstealthy
A: hooves 2, powered by pain 1, magic shield, magic regeneration
a: Shadow Step, Renounce Religion


You were on level 6 of the Dungeon.
You worshipped Dithmenos.
Dithmenos was pleased with you.
You were very hungry.

You visited 1 branch of the dungeon, and saw 6 of its levels.

You collected 215 gold pieces.

Inventory:

Hand Weapons
 a - a +0 battleaxe (weapon)
Armour
 c - a cursed +0 pair of boots (worn)
 h - a cursed +0 ring mail (worn)
Jewellery
 n - a +6 ring of strength (left hand)
 v - an uncursed ring of ice {rC+, rF-}
Scrolls
 g - 3 scrolls of remove curse {unknown}
 k - 4 scrolls of identify {unknown}
 l - 3 scrolls of teleportation {unknown}
 o - a scroll of recharging {unknown}
 r - 2 scrolls of blinking {unknown}
 t - 3 scrolls of enchant weapon {unknown}
 w - a scroll of random uselessness {unknown}
Potions
 b - 3 potions of brilliance {unknown}
 d - a potion of curing
 e - a potion of mutation {!q}
 f - 2 potions of poison {unknown}
 m - a potion of lignification {!q}
 s - a potion of agility
Comestibles
 i - 2 meat rations
 j - 3 beef jerkies
 p - a slice of pizza
 u - a royal jelly


   Skills:
 - Level 4.0 Fighting
 + Level 8.3 Axes
   Level 1.7 Crossbows
 - Level 1.0 Armour
 - Level 2.6 Stealth


You had 6 spell levels left.
You didn't know any spells.

Dungeon Overview and Level Annotations

Branches:
Dungeon (6/15)             Temple (0/1) D:5

Altars:
Ashenzari
Dithmenos
Ru
The Shining One

Shops:
D:4 }


Innate Abilities, Weirdness & Mutations

You have hoof-like feet.
You sometimes gain a little power by taking damage.
When hurt, damage is shared between your health and your magic reserves.
You regenerate magic rapidly.


Message History

You slash the centaur! The centaur misses you. The centaur hits you!
* * * LOW HITPOINT WARNING * * *
You take 5 damage, and have 3/54 hp.
You now have 0/7 mp.
You slash the centaur!
You kill the centaur!
Dithmenos accepts your kill.
You hit the centaur zombie.
The centaur zombie hits you but does no damage.
The centaur zombie hits you.
* * * LOW HITPOINT WARNING * * *
You take 1 damage, and have 2/54 hp.
You hit the centaur zombie but do no damage.
The centaur zombie hits you but does no damage.
The centaur zombie misses you.
You hit the centaur zombie.
The centaur zombie hits you but does no damage.
You slice the centaur zombie!!
The centaur zombie hits you but does no damage.
The centaur zombie hits you.
You die...

### #.. ..# #.. ... #.#
#.# #.# #.# #.# #.# #.#
#.###.### #Z# #.......#
######@#######.#.#####
.......((###.<.........
#######...........#####
#..###(.#.#.# #.(#
#..#.#.# #..###..#....
#.(##......#..
#.......#....#.
#.####..#.#.##.#


You could see a centaur zombie.

Vanquished Creatures
  A centaur (D:6)
  An ogre (D:5)
  An ice beast (D:6)
  A giant frog (D:3)
  A crimson imp (D:5)
  A jelly (D:5)
  A giant frog zombie (D:5)
  A hound (D:4)
  2 orc priests (D:4)
  3 worker ants
  Terence (D:2)
  4 orc wizards
  7 adders
  4 gnolls (D:5)
  A shadow imp (D:6)
  An ooze (D:3)
  6 worms
  4 giant geckos
  15 orcs
  A giant cockroach (D:4)
  8 hobgoblins
  11 jackals
  7 kobolds
  3 quokkas
  A ball python (D:2)
  13 bats
  5 giant newts
  5 goblins
  A quokka skeleton (D:5)
  6 rats
117 creatures vanquished.

Notes
Turn   | Place    | Note
--------------------------------------------------------------
     0 | D:1      | Goblin1989 the Demonspawn Wanderer began the quest for the Orb.
     0 | D:1      | Goblin1989 set off with: a +2 dagger, a potion of berserk rage {!q}, a +0 hand axe, a potion of curing, a +0 robe, a bread ration
     0 | D:1      | Reached XP level 1. HP: 19/19 MP: 1/1
    94 | D:1      | Reached skill level 1 in Axes
   114 | D:1      | Gained mutation: You have large cloven feet. [demonic ancestry]
   114 | D:1      | Reached XP level 2. HP: 18/25 MP: 2/2
   600 | D:1      | Reached XP level 3. HP: 28/30 MP: 3/3
   834 | D:2      | Noticed Terence
  1112 | D:2      | Killed Terence
  1767 | D:2      | Gained mutation: When hurt, damage is shared between your health and your magic reserves. [demonic ancestry]
  1767 | D:2      | Reached XP level 4. HP: 18/37 MP: 4/4
  2652 | D:3      | Noticed a giant frog
  2665 | D:3      | Killed a giant frog
  2665 | D:3      | Reached XP level 5. HP: 19/42 MP: 1/5
  2845 | D:3      | Found a faded altar to an unknown god.
  2856 | D:3      | Became a worshipper of Dithmenos the Shadowed
  2856 | D:3      | Reached * piety under Dithmenos
  3016 | D:3      | HP: 1/42 [worm (6)]
  3493 | D:3      | Reached skill level 5 in Axes
  3767 | D:4      | Found a glowing golden altar of the Shining One.
  3771 | D:4      | Found a sacrificial altar of Ru.
  3831 | D:4      | Found Vehed's Gadget Boutique.
  3878 | D:4      | Found a shattered altar of Ashenzari.
  4435 | D:4      | Gained mutation: You sometimes gain a little power by taking damage. [demonic ancestry]
  4435 | D:4      | Reached XP level 6. HP: 32/48 MP: 3/6
  4592 | D:4      | Reached ** piety under Dithmenos
  4909 | D:4      | Reached skill level 6 in Axes
  5344 | D:5      | Entered Level 5 of the Dungeon
  5476 | D:5      | Gained mutation: You regenerate magic rapidly. [demonic ancestry]
  5476 | D:5      | Reached XP level 7. HP: 32/54 MP: 4/7
  5569 | D:5      | Reached skill level 7 in Axes
  6449 | D:5      | Found a staircase to the Ecumenical Temple.
  6474 | D:5      | Gained mutation: You have hoof-like feet. [potion of mutation]
  6474 | D:5      | Gained mutation: Your body sometimes deteriorates upon taking damage. [potion of mutation]
  6474 | D:5      | Lost mutation: Your body sometimes deteriorates upon taking damage. [potion of mutation]
  6974 | D:6      | Reached skill level 8 in Axes
  7095 | D:6      | HP: 2/54 [centaur zombie (1)]
  7098 | D:6      | Slain by a centaur zombie

Action                   |  1- 3 |  4- 6 |  7- 9 || total
-------------------------+-------+-------+-------++-------
Melee: Hand axe          |   167 |   325 |       ||   492
       Battleaxe         |       |    38 |   109 ||   147
  Use: Potion            |     1 |     2 |     6 ||     9
 Stab: Sleeping          |     3 |     1 |     1 ||     5
       Distracted        |       |     1 |       ||     1
  Eat: Bread ration      |     1 |     1 |       ||     2
       Chunk             |       |     7 |     3 ||    10
       Beef jerky        |       |       |     1 ||     1
